 Dungeon Crawl Stone Soup version 0.17-a0-2211-gbb7320e (webtiles) character file.

123 Ordine the Chopper (level 5, -1/45 HPs)
             Began as a Hill Orc Abyssal Knight on Oct 27, 2015.
             Was a Believer of Lugonu.
             Killed by divine providence
             ... invoked by an orc priest
              (11 damage)
             ... on level 3 of the Dungeon.
             The game lasted 00:08:59 (2689 turns).

Ordine the Chopper (Hill Orc Abyssal Knight)        Turns: 2689, Time: 00:08:59

Health: -1/45      AC:  6    Str: 16    XL:     5   Next: 7%
Magic:  8/8        EV:  9    Int: 12    God:    Lugonu [**....]
Gold:   113        SH:  0    Dex: 10    Spells: 0 memorised, 4 levels left

rFire  . . .     SeeInvis +     a - +2 hand axe
rCold  . . .     Clarity  .     k - +0 scale mail
rNeg   . . .     SustAt   .     (no shield)
rPois  .         Gourm    .     (no helmet)
rElec  .         Spirit   .     (no cloak)
rCorr  .         Warding  .     (no gloves)
rMut   .         Stasis   .     (no boots)
MR     .....                    (no amulet)
Stlth  ..........               g - ring of see invisible
                                i - ring of flight

@: not resistant to hostile enchantments, extremely unstealthy
A: no striking features
a: Depart the Abyss, Bend Space, Renounce Religion, Convert to Beogh, Evoke
Flight


You were on level 3 of the Dungeon.
You worshipped Lugonu.
Lugonu was pleased with you.
You were not hungry.

You visited 1 branch of the dungeon, and saw 3 of its levels.
You visited the Abyss 1 time.

You collected 113 gold pieces.

Inventory:

Hand Weapons
 a - a +2 hand axe (weapon)
 l - a +1 morningstar of holy wrath
Armour
 k - a +0 scale mail (worn)
Jewellery
 g - a ring of see invisible (right hand)
 i - a ring of flight (left hand)
Potions
 e - a potion of degeneration {unknown}
 f - 2 potions of curing {unknown}
 h - 2 potions of might {unknown}
Comestibles
 b - 2 chunks of flesh
 c - 2 bread rations
 d - a beef jerky
 j - a slice of pizza


   Skills:
 - Level 3.6 Fighting
 + Level 5.2 Axes
 - Level 2.1 Armour
 - Level 0.7 Dodging
 + Level 4.8 Invocations


You had 4 spell levels left.
You didn't know any spells.

Dungeon Overview and Level Annotations

Branches:
Dungeon (3/15)

Altars:
Yredelemnul
Zin


Message History

The orc hits you with a flail.
* * * LOW HITPOINT WARNING * * *
You hit the orc.
You kill the orc!
Lugonu accepts your kill. The orc hits you but does no damage.
You closely miss the orc.
The orc priest shouts, "Surrender to Beogh and we'll let you live!"
The orc hits you but does no damage.
You hit the orc.
The orc is almost dead.
The orc barely misses you.
You barely miss the orc.
The orc is almost dead.
The orc barely misses you.
You completely miss the orc.
The orc is almost dead.
The orc priest mumbles some strange prayers to Beogh against you.
Something smites you!
You die...

# # ##+## .#
#.##...## ..
###.#.....## .###
..........## .....
#.........####...##
+.........'.@oo...#
#.........####...##
##.......## ..#
##..)..## ..#
##..)## ... ##'##
#. ##.## ## #...##
......###.##


You could see an orc priest and an orc.

Vanquished Creatures
  4 adders
  An ooze (D:1)
  3 worms (D:2)
  A giant gecko (D:3)
  3 orcs (D:3)
  3 giant cockroaches
  9 goblins
  7 hobgoblins
  15 kobolds
  5 bats
  2 giant newts (D:1)
  6 jackals (D:2)
  9 rats
68 creatures vanquished.

Notes
Turn   | Place    | Note
--------------------------------------------------------------
     0 | Abyss:1  | Ordine the Hill Orc Abyssal Knight began the quest for the Orb.
     0 | Abyss:1  | Reached XP level 1. HP: 19/19 MP: 2/2
    43 | Abyss:1  | Noticed an ice statue
    43 | Abyss:1  | Noticed a fire crab
    43 | Abyss:1  | Noticed a catoblepas
    43 | Abyss:1  | Noticed a rakshasa
    44 | Abyss:1  | Noticed a swamp dragon
    44 | D:1      | Escaped the Abyss
   356 | D:1      | Reached XP level 2. HP: 15/26 MP: 2/4
   626 | D:1      | Reached * piety under Lugonu
  1036 | D:1      | Reached XP level 3. HP: 27/31 MP: 5/5
  1304 | D:1      | Reached skill level 4 in Invocations
  1608 | D:2      | Reached XP level 4. HP: 33/39 MP: 7/7
  1715 | D:2      | Found a glowing silver altar of Zin.
  1767 | D:2      | Reached ** piety under Lugonu
  2245 | D:2      | Found a basalt altar of Yredelemnul.
  2413 | D:3      | Reached skill level 5 in Axes
  2596 | D:3      | Reached XP level 5. HP: 39/45 MP: 8/8
  2689 | D:3      | Killed from afar by an orc priest

Vault maps used:
D:1:      dpeg_arrival_arbitrary_a, roderic_lattice_a
D:2:      yredelemnul_altar_generic, zin_statuary, first_bread
D:3:      makhleb_altar_promises_db, uniq_terence

Action                   |  1- 3 |  4- 6 || total
-------------------------+-------+-------++-------
Melee: Hand axe          |   134 |   140 ||   274
Invok: Depart the Abyss  |     1 |       ||     1
  Use: Scroll            |     3 |       ||     3
  Eat: Chunk             |     3 |     3 ||     6
